 Dungeon Crawl Stone Soup version 0.30-a0-568-g124715a40b (webtiles) character file.

Game seed: 105078725336173857

88 sokol815 the Sneak (level 4, -5/28 HPs)
             Began as a Kobold Delver on Dec 28, 2022.
             Was an Initiate of Gozag.
             Killed by divine providence
             ... invoked by an orc priest
              (13 damage)
             ... on level 3 of the Dungeon.
             The game lasted 00:04:40 (2863 turns).

sokol815 the Sneak (Kobold Delver)                  Turns: 2863, Time: 00:04:40

Health: -5/28      AC:  5    Str:  9    XL:     4   Next: 82%
Magic:  4/4        EV: 14    Int: 11    God:    Gozag
Gold:   81         SH:  0    Dex: 18    Spells: 3/3 levels left

rFire   . . .      SeeInvis .    a - +1 short sword
rCold   . . .      Faith    .    (no shield)
rNeg    . . .      Spirit   .    b - +0 leather armour
rPois   .          Reflect  .    (no helmet)
rElec   .          Harm     .    o - +0 cloak
rCorr   .          Rampage  .    j - +0 pair of gloves
Will    +....                    (no boots)
Stlth   ++++                     (no amulet)
HPRegen 0.24/turn                W - ring of willpower
MPRegen 0.09/turn                (no ring)

@: gold aura, hasted, very quick
A: small, no large weapons, nightstalker 3
a: Renounce Religion, Potion Petition, Call Merchant, Bribe Branch


You were on level 3 of the Dungeon.
You worshipped Gozag.
Gozag was noncommittal.
You visited 1 branch of the dungeon, and saw 5 of its levels.

You collected 179 gold pieces.
You paid 98 gold pieces to Gozag.

Inventory:

Hand Weapons
 a - a +1 short sword (weapon)
 e - a +1 long sword of venom
   (You found it on level 5 of the Dungeon)
Missiles
 k - 10 poisoned darts
 s - 12 stones
Armour
 b - a +0 leather armour (worn)
 j - a +0 pair of gloves (worn)
   (You found it on level 2 of the Dungeon)
 o - a +0 cloak (worn)
   (You found it on level 1 of the Dungeon)
Magical Staves
 p - a staff of fire {rF+}
   (You found it on level 3 of the Dungeon)
Jewellery
 f - a ring of fire {rF+, rC-}
   (You found it on level 3 of the Dungeon)
 W - a ring of willpower (left hand)
   (You found it on level 1 of the Dungeon)
Wands
 d - a wand of digging (3)
Scrolls
 c - 2 scrolls of fog
 D - a scroll of blinking {!r}
 E - 2 scrolls of fear
 X - a scroll of magic mapping {@r4!r}
Potions
 g - a potion of curing {unknown}
 h - 3 potions of degeneration {!q}
 i - a potion of lignification {unknown}
 n - a potion of mutation {unknown}
 t - a potion of might {unknown}


   Skills:
 - Level 3.2 Fighting
 + Level 6.1 Short Blades
 - Level 2.4 Dodging
 - Level 6.6 Stealth


You had 3 spell levels left.
You didn't know any spells.
Your spell library contained the following spells:

 Spells                   Type           Power      Damage    Failure   Level
 Magic Dart               Conj           0%         1d3       45%         1
 Summon Small Mammal      Summ           0%         N/A       45%         1
 Call Imp                 Summ           0%         N/A       58%         2
 Call Canine Familiar     Summ           0%         N/A       83%         3
 Mephitic Cloud           Conj/Pois/Air  0%         N/A       83%         3
 Summon Guardian Golem    Hex/Summ       0%         N/A       83%         3


Dungeon Overview and Level Annotations

Branches:
Dungeon (5/15) Zot: 25391
 Temple: D:4-7

Altars:
Gozag

Shops:
D:3 *

Annotations:
D:4 exclusion: orc wizard


Innate Abilities, Weirdness & Mutations

You are small and have problems with some larger weapons.
You are completely attuned to the shadows.


Message History

You hit the orc.
A jackal comes into view.
The orc closely misses you.
You hit the orc.
You kill the orc!
The adder is distracted by your dazzling golden aura.
The jackal attacks as you move away! The jackal barely misses you.
The goblin hits you with a +0 dagger.
You see here a +0 dagger.
You take 3 damage, and have 25/28 hp.
The jackal bites you but does no damage.
The jackal is distracted by your dazzling golden aura.
The jackal closely misses you.
The goblin is distracted by your dazzling golden aura.
The goblin shouts!
The adder hisses angrily.
You hear a bark!
The jackal bites you but does no damage.
You hit the jackal.
You kill the jackal!
A jackal comes into view.
The jackal bites you but does no damage.
You see here 8 gold pieces.
You closely miss the jackal.
The jackal barks!
The jackal bites you but does no damage.
You puncture the jackal!
You kill the jackal!
You barely miss the goblin. The goblin barely misses you.
You hit the goblin.
You kill the goblin!
The adder bites you but does no damage. The orc hits you but does no damage.
The adder barely misses you.
Things that are here:
16 gold pieces; a +0 dagger You hit the orc.
The jackal is distracted by your dazzling golden aura.
The orc misses you.
Health restored: 28 The jackal barks!
You hit the orc.
You hear a shout!
The adder closely misses you.
The orc priest is distracted by your dazzling golden aura.
The orc hits you with a +0 flail.
The orc priest shouts!
You take 3 damage, and have 25/28 hp.
The adder bites you.
You take 1 damage, and have 24/28 hp.
You hit the adder but do no damage. The adder bites you.
You are poisoned.
The adder poisons you!
You take 4 damage, and have 20/28 hp.
You hit the adder but do no damage.
You feel sick.
You take 1 damage, and have 19/28 hp.
You puncture the adder!
You feel sick. The adder misses you.
You take 1 damage, and have 18/28 hp.
You miss the adder.
You feel sick. The adder bites you.
You take 1 damage, and have 17/28 hp.
You closely miss the adder. The adder misses you.
You hit the adder.
You feel sick. The adder barely misses you.
An orc wizard comes into view. It is wielding a +0 dagger.
You take 1 damage, and have 16/28 hp.
You closely miss the adder.
You feel sick.
You are no longer poisoned.
The adder bites you but does no damage.
You take 1 damage, and have 15/28 hp.
You miss the adder. The adder barely misses you.
You feel yourself speed up.
The orc wizard gestures wildly while chanting.
The orc wizard flickers and vanishes!
Deactivating autopickup; reactivate with Ctrl-A.
The adder barely misses you.
You closely miss the adder. The adder bites you but does no damage.
You closely miss the adder. The adder closely misses you.
You hit the adder.
You kill the adder!
Your Short Blades skill increases to level 6!
You hit the orc.
You kill the orc!
A kobold comes into view. It is wielding a +0 short sword.
The orc priest hits you with a +0 dagger.
Something barely misses you.
The kobold moves out of view.
Things that are here:
29 gold pieces; a +0 flail; a +0 dagger You take 3 damage, and have 13/28 hp.
You hit the orc priest but do no damage.
You barely miss the orc priest. Something hits you but does no damage.
The orc priest barely misses you.
A puff of flame appears from out of thin air!
The puff of flame hits you.
* * * LOW HITPOINT WARNING * * *
You take 6 damage, and have 8/28 hp.
MASSIVE DAMAGE!!
The orc priest barely misses you.
You barely miss the orc priest.
You hit the orc priest but do no damage.
The orc priest mumbles some strange prayers to Beogh against you.
Beogh smites you!
You die...
Your body crumbles into a pile of gold.

............ #
.####.##...## # .#
#................... #
.#######......[ ......# #
.....).....##.# #.....# #
..###.##...##.####.....#
#
................{h.)...#
#
..###.###..##.##o#...$##
#
...........##.##@#h......
#
...........##.##.#....###
# ..###.#######.##.#.S..#
# ......# #.##.#...## #
..###.# #!# ##### #.###.
... ..... ...... ...†.
#####. ..... #####


You could see an orc priest and a jackal.

Vanquished Creatures
  3 adders
  2 dart slugs
  3 orcs (D:3)
  8 endoplasms
  A giant cockroach (D:1)
  3 hobgoblins
  10 jackals
  A quokka (D:2)
  3 ball pythons
  A bat (D:1)
  5 frilled lizards
  5 goblins
  2 kobolds
  4 rats
51 creatures vanquished.

Notes
Turn   | Place    | Note
-------+----------+-------------------------------------------
     0 | D:5      | sokol815 the Kobold Delver began the quest for the Orb.
     0 | D:5      | Reached XP level 1. HP: 14/14 MP: 1/1
    92 | D:4      | Noticed an orc wizard
   184 | D:3      | Found Ziamepry's General Store.
   189 | D:3      | Reached skill level 3 in Short Blades
   255 | D:2      | Reached XP level 2. HP: 19/19 MP: 2/2
   406 | D:2      | Found an opulent altar of Gozag.
   470 | D:2      | Reached skill level 4 in Short Blades
   611 | D:2      | Reached XP level 3. HP: 22/23 MP: 3/3
   747 | D:2      | Reached skill level 5 in Short Blades
  1808 | D:1      | Reached XP level 4. HP: 28/28 MP: 4/4
  2017 | D:1      | Found a faded altar of an unknown god.
  2559 | D:2      | Became a worshipper of Gozag Ym Sagoz the Greedy
  2855 | D:3      | Reached skill level 6 in Short Blades
  2863 | D:3      | Killed from afar by an orc priest

Illustrated notes

Levels and vault maps discovered:
D:1:      eino_arrival_water_star, layout_loops_corners,
          ebering_ecumenical_altar_abandoned, chequers_big_river
D:2:      layout_basic, basic_altar, minmay_3d_cube
D:3:      layout_basic, serial_shops, nicolae_shop_advertising_works
          [nicolae_subvault_shop_adworks]
D:4:      layout_cave_pools
D:5:      minmay_chambers_of_fours, layout_loops_ring,
          mainiacjoe_overflow_surrounded_room, makhleb_blood_cavern_becter

Skill      XL: |  1  2  3  4 |
---------------+-------------+-----
Short Blades   | 3 4 5 6 |  6.1
Fighting       | |  3.2
Dodging        | |  2.4
Stealth        | |  6.6

Action                   |  1- 3 |  4- 6 || total
-------------------------+-------+-------++-------
Melee: Short sword       |    89 |    52 ||   141
       Punch             |     1 |       ||     1
  Use: Scroll            |       |     4 ||     4
       Potion            |       |     1 ||     1
 Stab: Sleeping          |    12 |    10 ||    22
Armor: Leather armour    |    19 |    11 ||    30
Dodge: Dodged            |    55 |    29 ||    84

Table legend: (Time is in decaauts)
 A = Elapsed time spent in this place.
 B = Non-inter-level travel time spent in this place.
 C = Inter-level travel time spent in this place.
 D = Time resting spent in this place.
 E = Time spent auto-exploring this place.
 F = Levels seen in this place.
 G = Mean time per level.
                   A        B        C        D        E       F      G
               +--------+--------+--------+--------+--------+-----+--------+
         Total |   2832 |   2573 |    259 |     23 |   2212 |   5 |  566.4 |
       Dungeon |   2832 |   2573 |    259 |     23 |   2212 |   5 |  566.4 |
               +--------+--------+--------+--------+--------+-----+--------+

Top non-repeatable levels by time:
     D:1: 1205 daAuts
     D:2: 1130 daAuts
     D:3: 388 daAuts
     D:5: 86 daAuts
     D:4: 21 daAuts

Table legend:
 A = Kills in this place as a percentage of kills in entire the game.
 B = Kills by you in this place as a percentage of kills by you in the entire game.
 C = Kills by friends in this place as a percentage of kills by friends in the entire game.
 D = Other kills in this place as a percentage of other kills in the entire game.
 E = Experience gained in this place as a percentage of experience gained in the entire game.
 F = Experience gained in this place divided by the number of levels of this place that you have seen.
                   A       B       C       D       E      F
               +-------+-------+-------+-------+-------+----------------------
         Total | 100.0 | 100.0 |   N/A |   N/A | 100.0 |  25.4
       Dungeon | 100.0 | 100.0 |   N/A |   N/A | 100.0 |  25.4
               +-------+-------+-------+-------+-------+----------------------
